 Dungeon Crawl Stone Soup version 0.24.0-29-g8ce449bc06 (webtiles) character file.

Game seed: 11408455598933859276, levelgen mode: deterministic

273 FishyPogo the Skirmisher (level 6, -6/47 HPs)
             Began as a Gnoll Wanderer on Nov 15, 2019.
             Was an Initiate of Hepliaklqana.
             Mangled by an orc warrior
             ... wielding a +0 dire flail
              (12 damage)
             ... on level 4 of the Dungeon.
             The game lasted 00:06:13 (2252 turns).

FishyPogo the Skirmisher (Gnoll Wanderer)           Turns: 2252, Time: 00:06:14

Health: -6/47      AC:  6    Str: 22    XL:     6   Next: 24%
Magic:  8/8        EV: 13    Int: 19    God:    Hepliaklqana [......]
Gold:   156        SH:  4    Dex: 14    Spells: 8/8 levels left

rFire    . . .     SeeInvis .   a - +2 mace
rCold    . . .     Gourm    .   (no shield)
rNeg     . . .     Faith    .   b - +0 ring mail
rPois    .         Spirit   .   (no helmet)
rElec    .         Reflect  .   (no cloak)
rCorr    .         Harm     .   (no gloves)
MR       .....     Rnd*Tele +   (no boots)
Stlth    +.........             (no amulet)
HPRegen  0.15/turn              k - ring of teleportation (curse)
MPRegen  0.11/turn              p - +3 ring of slaying

@: mighty, brilliant, flying
A: distributed training, reduced essence, fangs 1, large bone plates 1, strong
nose
a: Recall Ancestor, Ancestor Identity, Renounce Religion


You were on level 4 of the Dungeon.
You worshipped Hepliaklqana.
Hepliaklqana was noncommittal.
You were not hungry.

You visited 1 branch of the dungeon, and saw 4 of its levels.

You collected 156 gold pieces.

Inventory:

Hand Weapons
 a - a +2 mace (weapon)
Missiles
 g - 67 stones (quivered)
 r - 6 boomerangs
Armour
 b - a +0 ring mail (worn)
 v - the cursed +1 leather armour "Qagaybb" {rCorr MP-9 Int+2 Slay+3, unknown}
   (You found it on level 4 of the Dungeon)

   It affects your intelligence (+2).
   It affects your accuracy and damage with ranged weapons and melee attacks
   (+3).
   It affects your magic capacity (-9).
   It provides partial protection from all sources of acid and corrosion.
   It has a curse placed upon it.
Jewellery
 h - an uncursed ring of resist corrosion
 k - a cursed ring of teleportation (left hand)
 o - a +5 ring of protection
 p - a +3 ring of slaying (right hand)
Wands
 y - a wand of enslavement (5)
Scrolls
 c - 5 scrolls of teleportation
 e - a scroll of amnesia {unknown}
 f - a scroll of enchant weapon {unknown}
 l - 3 scrolls of noise {unknown}
 n - 2 scrolls of random uselessness {unknown}
 q - a scroll of fog {unknown}
 s - a scroll of fear {unknown}
 w - a scroll of identify {unknown}
Potions
 j - a potion of brilliance
 x - a potion of lignification {unknown}
Comestibles
 d - 7 rations
 t - 12 chunks of flesh


   Skills:
 + Level 6.8 Fighting
 + Level 1.8 Short Blades
 + Level 1.8 Long Blades
 + Level 1.8 Axes
 + Level 3.1 Maces & Flails
 + Level 1.8 Polearms
 + Level 1.8 Staves
 + Level 1.8 Slings
 + Level 1.8 Bows
 + Level 1.8 Crossbows
 + Level 1.8 Throwing
 + Level 4.9 Armour
 + Level 4.9 Dodging
 + Level 1.8 Stealth
 + Level 3.1 Shields
 + Level 1.8 Unarmed Combat
 + Level 1.8 Spellcasting
 + Level 1.4 Conjurations
 + Level 1.4 Hexes
 + Level 1.4 Charms
 + Level 1.4 Summonings
 + Level 1.4 Necromancy
 + Level 1.4 Translocations
 + Level 1.4 Transmutations
 + Level 1.4 Fire Magic
 + Level 1.4 Ice Magic
 + Level 1.4 Air Magic
 + Level 1.4 Earth Magic
 + Level 1.4 Poison Magic
 + Level 2.0 Invocations
 + Level 3.1 Evocations


You had 8 spell levels left.
You didn't know any spells.
Your spell library contained the following spells:

 Spells                   Type           Power        Failure   Level  Hunger
 Summon Small Mammal      Summ           ###.         1%          1    #......
 Call Imp                 Summ           ###.....     2%          2    ###....
 Call Canine Familiar     Summ           ###.....     5%          3    ###....
 Summon Guardian Golem    Hex/Summ       ###.....     5%          3    ###....
 Summon Ice Beast         Ice/Summ       ###.....     16%         4    #####..
 Summon Lightning Spire   Summ/Air       ###.....     16%         4    #####..


Dungeon Overview and Level Annotations

Branches:
Dungeon (4/15)
 Temple: D:4-7

Altars:
Cheibriados
Elyvilon
Gozag
Hepliaklqana

Annotations:
D:3 2 transporters, diiiiiane's ghost, amateur OpAs


Innate Abilities, Weirdness & Mutations

Your experience applies equally to all skills.
You have very sharp teeth.
Your uncanny sense of smell can sniff out nearby items.
Your life essence is reduced to manifest your ancestor. (-10% HP)
You are partially covered in large bone plates. (SH +4)


Message History

It was a potion of might.
You feel very mighty all of a sudden.
The orc warrior shouts!
You hear a shout! x2
An orc priest comes into view. It is wielding a +0 flail.
You hit the orc warrior.
The orc warrior is moderately wounded.
The orc warrior hits you with a +0 dire flail!!
The orc warrior hits you with a +0 dire flail!
* * * LOW HITPOINT WARNING * * *
It was a potion of brilliance.
You feel clever all of a sudden.
An orc comes into view. It is wielding a +0 flail.
It was a potion of mutation.
You feel extremely strange.
You feel weaker.
You feel stronger.
Large bone plates grow over parts of your arms.
It was a potion of flight.
You feel very buoyant.
You fly up into the air.
The orc warrior hits you with a +0 dire flail!
You die...

...........### #......#
...).........###.####.##
.....).....#.).R........
###'###....#.###.######.
#.....#....#.##.## ##
#.....#....#.#.###..#
'.._..+....#.#)#...###
#.....#....#.##R##..[#
#.....#....#.#.#@oo#
###'###....#.###o8..# #
#..#.....# .o.(.....
####.#.....# #..###..#.
#..R.......# ..#. .#
'..........# ..# # #
#..........# ##
....<#...### .......#.#


You could see the friendly Laslo the ancestor, an orc warrior, an orc priest and
2 orcs.

Vanquished Creatures
  A centaur (D:4)
  2 orc wizards (D:4)
  3 adders
  An ooze (D:2)
  A worm (D:2)
  3 dart slugs (D:2)
  7 leopard geckos
  9 orcs (D:4)
  A ball python (D:1)
  6 bats
  A giant cockroach (D:1)
  9 goblins
  2 hobgoblins (D:3)
  12 jackals
  4 kobolds
  2 quokkas
  5 frilled lizards
  6 rats
75 creatures vanquished.

Vanquished Creatures (collateral kills)
  2 orcs
  A goblin (D:3)
  A frilled lizard (D:3)
4 creatures vanquished.

Vanquished Creatures (others)
  2 ancestors (D:4)
2 creatures vanquished.

Grand Total: 81 creatures vanquished

Notes
Turn   | Place    | Note
-------+----------+-------------------------------------------
     0 | D:1      | FishyPogo the Gnoll Wanderer began the quest for the Orb.
     0 | D:1      | FishyPogo set off with the following items: a +2 mace, a +0
                  | ring mail, a scroll of teleportation, a ration
     0 | D:1      | Reached XP level 1. HP: 23/23 MP: 2/2
   135 | D:1      | Reached XP level 2. HP: 25/29 MP: 3/3
   415 | D:1      | Reached XP level 3. HP: 31/35 MP: 4/4
   743 | D:2      | Reached skill level 1 in Invocations
   865 | D:2      | Reached skill level 1 in Short Blades
   865 | D:2      | Reached skill level 1 in Long Blades
   865 | D:2      | Reached skill level 1 in Axes
   865 | D:2      | Reached skill level 1 in Polearms
   865 | D:2      | Reached skill level 1 in Staves
   865 | D:2      | Reached skill level 1 in Slings
   865 | D:2      | Reached skill level 1 in Bows
   865 | D:2      | Reached skill level 1 in Crossbows
   865 | D:2      | Reached skill level 1 in Throwing
   865 | D:2      | Reached skill level 1 in Stealth
   865 | D:2      | Reached skill level 1 in Unarmed Combat
   865 | D:2      | Reached skill level 1 in Spellcasting
   865 | D:2      | Reached XP level 4. HP: 41/41 MP: 4/6
  1286 | D:3      | Found a snail-covered altar of Cheibriados.
  1307 | D:3      | Found a hazy altar of Hepliaklqana.
  1312 | D:3      | Reached skill level 1 in Conjurations
  1312 | D:3      | Reached skill level 1 in Hexes
  1312 | D:3      | Reached skill level 1 in Charms
  1312 | D:3      | Reached skill level 1 in Summonings
  1312 | D:3      | Reached skill level 1 in Necromancy
  1312 | D:3      | Reached skill level 1 in Translocations
  1312 | D:3      | Reached skill level 1 in Transmutations
  1312 | D:3      | Reached skill level 1 in Fire Magic
  1312 | D:3      | Reached skill level 1 in Ice Magic
  1312 | D:3      | Reached skill level 1 in Air Magic
  1312 | D:3      | Reached skill level 1 in Earth Magic
  1312 | D:3      | Reached skill level 1 in Poison Magic
  1317 | D:3      | Became a worshipper of Hepliaklqana the Forgotten
  1491 | D:3      | Found a transporter.
  1683 | D:3      | Found a transporter.
  1705 | D:3      | Noticed diiiiiane's ghost (amateur OpAs)
  1901 | D:4      | Found an opulent altar of Gozag.
  1925 | D:4      | Reached XP level 5. HP: 37/42 MP: 7/7
  1950 | D:4      | Got a faintly glowing leather armour
  1963 | D:4      | Noticed a centaur
  1999 | D:4      | Killed a centaur
  1999 | D:4      | Reached XP level 6. HP: 32/47 MP: 8/8
  2062 | D:4      | Found a white marble altar of Elyvilon.
  2239 | D:4      | Noticed an orc warrior
  2251 | D:4      | Gained mutation: You are weak. (Str -2) [potion of
                  | mutation]
  2251 | D:4      | Lost mutation: You are weak. (Str -2) [potion of mutation]
  2251 | D:4      | Gained mutation: You are partially covered in large bone
                  | plates. (SH +4) [potion of mutation]
  2252 | D:4      | Mangled by an orc warrior

Levels and vault maps discovered:
D:1:      psy_arrival_whirlpool, layout_basic
D:2:      layout_rooms, corner_web_ring, grunt_ministairs_5
D:3:      layout_basic, cheibriados_altar_1, overflow_temple_1_default,
          gammafunk_ghost_stat_death
D:4:      layout_basic, lemuel_doored_altar, zin_scriptorium, elyvilon_altar_4,
          kennysheep_little_box, guppyfry_early_orc_mine

Skill      XL: |  1  2  3  4  5  6 |
---------------+-------------------+-----
Invocations    | 1 2 |  2.0
Short Blades   | 1 |  1.8
Long Blades    | 1 |  1.8
Axes           | 1 |  1.8
Polearms       | 1 |  1.8
Staves         | 1 |  1.8
Slings         | 1 |  1.8
Bows           | 1 |  1.8
Crossbows      | 1 |  1.8
Throwing       | 1 |  1.8
Stealth        | 1 |  1.8
Unarmed Combat | 1 |  1.8
Spellcasting   | 1 |  1.8
Conjurations   | 1 |  1.4
Hexes          | 1 |  1.4
Charms         | 1 |  1.4
Summonings     | 1 |  1.4
Necromancy     | 1 |  1.4
Translocations | 1 |  1.4
Transmutations | 1 |  1.4
Fire Magic     | 1 |  1.4
Ice Magic      | 1 |  1.4
Air Magic      | 1 |  1.4
Earth Magic    | 1 |  1.4
Poison Magic   | 1 |  1.4
Maces & Flails | 3 |  3.1
Shields        | 3 |  3.1
Evocations     | 3 |  3.1
Fighting       | |  6.8
Armour         | |  4.9
Dodging        | |  4.9

Action                   |  1- 3 |  4- 6 || total
-------------------------+-------+-------++-------
Melee: Mace              |   108 |    98 ||   206
       Bite              |    13 |    15 ||    28
       Punch             |       |     1 ||     1
  Use: Potion            |       |     4 ||     4
  Eat: Chunk             |       |     5 ||     5
Armor: Ring mail         |    38 |    39 ||    77
Dodge: Dodged            |   103 |    78 ||   181
